 Dungeon Crawl Stone Soup version 0.26.0-16-gc1dbca0489 (webtiles) character file.

Game seed: 99437007924105708

739 Volminster the Chopper (level 7, -14/61 HPs)
             Began as a Minotaur Fighter on Jan 18, 2021.
             Demolished by Pikel
             ... wielding a +1 whip of electrocution
              (16 damage)
             ... on level 4 of the Dungeon.
             The game lasted 00:10:17 (3887 turns).

Volminster the Chopper (Minotaur Fighter)           Turns: 3887, Time: 00:10:19

Health: -14/61     AC:  7    Str: 22    XL:     7   Next: 46%
Magic:  6/6        EV:  9    Int: 11    God:
Gold:   188        SH: 10    Dex: 10    Spells: 6/6 levels left

rFire    . . .     SeeInvis .   a - +0 war axe
rCold    . . .     Faith    .   c - +0 kite shield
rNeg     . . .     Spirit   .   b - +0 scale mail
rPois    .         Reflect  .   (helmet restricted)
rElec    .         Harm     .   (no cloak)
rCorr    .         Rampage  .   (no gloves)
Will     .....                  (no boots)
Stlth    ..........             (no amulet)
HPRegen  0.20/turn              j - ring of flight
MPRegen  0.10/turn              o - +6 ring of intelligence

@: no status effects
A: retaliatory headbutt, horns 2
a: Evoke Flight


You were on level 4 of the Dungeon.
You visited 1 branch of the dungeon, and saw 4 of its levels.

You collected 188 gold pieces.

Inventory:

Hand Weapons
 a - a +0 war axe (weapon)
Armour
 b - a +0 scale mail (worn)
 c - a +0 kite shield (worn)
Jewellery
 j - a ring of flight (left hand)
 o - a +6 ring of intelligence (right hand)
Scrolls
 e - 3 scrolls of amnesia {unknown}
 f - 4 scrolls of teleportation {unknown}
 h - a scroll of immolation {unknown}
 i - 2 scrolls of fear {unknown}
 l - 2 scrolls of remove curse {unknown}
Potions
 d - a potion of might
 g - 2 potions of degeneration {unknown}
 k - a potion of magic {unknown}


   Skills:
 + Level 5.1 Fighting
 + Level 6.5 Axes
 + Level 5.5 Armour
 * Level 3.3 Dodging
 + Level 5.3 Shields


You had 6 spell levels left.
You didn't know any spells.
Your spell library was empty.

Dungeon Overview and Level Annotations

Branches:
Dungeon (4/15)
 Temple: D:4-7

Altars:
Dithmenos

Annotations:
D:4 Pikel


Innate Abilities, Weirdness & Mutations

You reflexively headbutt those who attack you in melee.
You have a pair of horns on your head.


Message History

You closely miss the lemure. You completely miss the lemure.
You block Pikel's attack. You block the lemure's attack. x2
The lemure hits you but does no damage.
Pikel hits you with a +1 whip of electrocution.
You are electrocuted!
* * * LOW HITPOINT WARNING * * *
You barely miss Pikel. You closely miss the lemure. You hit the lemure.
You closely miss the lemure. The lemure hits you.
* * * LOW HITPOINT WARNING * * *
The lemure closely misses you. The lemure hits you.
* * * LOW HITPOINT WARNING * * *
You block Pikel's attack.
You hit Pikel.
Pikel is lightly wounded.
You hit the lemure. You closely miss the lemure. You slash the lemure!
The lemure closely misses you. x2; The lemure hits you but does no damage.
Pikel hits you with a +1 whip of electrocution.
* * * LOW HITPOINT WARNING * * *
You are electrocuted!
You die...

....# #.#......# ....#
#.#......# #.# ....#
#.#......# #.# ....#
#(#......# #.##+###.
....###)#......#
#........
.......)#......#
#........
###............#
#......5.
#............####........
#....)........@K5........
#............555.........
#........................
#........................
#...........############.
#...........#
#............
#............


You could see Pikel and 4 lemures.

Vanquished Creatures
  Grinder (D:4)
  2 orc priests (D:4)
  4 orc wizards (D:4)
  A bullfrog skeleton (D:4)
  Natasha (thrice) (D:2)
  7 adders
  11 gnolls
  3 worms
  4 dart slugs
  4 leopard geckos
  7 orcs
  8 bats
  2 giant cockroaches (D:3)
  7 goblins
  7 hobgoblins
  6 jackals
  3 quokkas (D:2)
  4 frilled lizards (D:4)
  8 kobolds
  A leopard gecko skeleton (D:4)
  14 rats
107 creatures vanquished.

Notes
Turn   | Place    | Note
-------+----------+-------------------------------------------
     0 | D:1      | Volminster the Minotaur Fighter began the quest for the
                  | Orb.
     0 | D:1      | Reached XP level 1. HP: 19/19 MP: 0/0
    93 | D:1      | Reached XP level 2. HP: 24/27 MP: 1/1
   598 | D:1      | Reached XP level 3. HP: 33/33 MP: 2/2
   886 | D:2      | Reached skill level 1 in Dodging
   894 | D:2      | Reached skill level 3 in Axes
  1055 | D:2      | Noticed Natasha
  1061 | D:2      | Killed Natasha
  1062 | D:2      | Reached XP level 4. HP: 39/40 MP: 3/3
  1193 | D:2      | Noticed Natasha
  1200 | D:2      | Killed Natasha
  1452 | D:2      | Noticed Natasha
  1459 | D:2      | Killed Natasha
  1460 | D:2      | Reached XP level 5. HP: 43/47 MP: 4/4
  1596 | D:3      | Reached skill level 4 in Axes
  2272 | D:3      | Reached skill level 5 in Armour
  2442 | D:3      | Found a shadowy altar of Dithmenos.
  2665 | D:4      | Reached XP level 6. HP: 48/53 MP: 5/5
  2671 | D:4      | Reached skill level 5 in Axes
  2691 | D:4      | Noticed Grinder
  2710 | D:4      | Paralysed by Grinder for 6 turns
  2718 | D:4      | Killed Grinder
  2719 | D:4      | Reached skill level 5 in Shields
  2719 | D:4      | Reached XP level 7. HP: 13/60 MP: 6/6
  3175 | D:4      | Reached skill level 5 in Fighting
  3181 | D:4      | Reached skill level 6 in Axes
  3872 | D:4      | Noticed Pikel
  3887 | D:4      | HP: 2/61 [Pikel/+1 whip of electrocution (6)]
  3887 | D:4      | Demolished by Pikel

Illustrated notes

Levels and vault maps discovered:
D:1:      dpeg_arrival_lava_temple_mockup, layout_basic
D:2:      layout_basic, uniq_natasha
D:3:      layout_basic, overflow_temple_1_default, serial_curves,
          eino_curves_02, eino_curves_04, minmay_puff
D:4:      layout_basic, uniq_pikel, uniq_grinder, uniq_sigmund

Skill      XL: |  1  2  3  4  5  6  7 |
---------------+----------------------+-----
Fighting       | 4 5 |  5.1
Shields        | 4 5 |  5.3
Armour         | 4 5 |  5.5
Dodging        | 1 2 3 |  3.3
Axes           | 3 4 5 6 |  6.5

Action                   |  1- 3 |  4- 6 |  7- 9 || total
-------------------------+-------+-------+-------++-------
Melee: War axe           |    85 |   129 |    58 ||   272
       Headbutt          |    15 |    17 |    11 ||    43
Armor: Scale mail        |    37 |    45 |    14 ||    96
Dodge: Dodged            |    24 |    37 |    26 ||    87
Block: Kite shield       |    53 |    70 |    38 ||   161
